 Dungeon Crawl Stone Soup version 0.22-a0-419-g492bfec (webtiles) character file.

2126 suvakkihuora the Covert (level 9, -3/66 HPs)
             Began as a Formicid Gladiator on May 15, 2018.
             Was a Follower of Zin.
             Slain by a wolf spider zombie (9 damage)
             ... on level 13 of the Dungeon.
             The game lasted 00:10:05 (2585 turns).

suvakkihuora the Covert (Formicid Gladiator)        Turns: 2585, Time: 00:10:06

Health: -3/66      AC:  5    Str: 22    XL:     9   Next: 54%
Magic:  14/14      EV: 13    Int:  8    God:    Zin [*.....]
Gold:   100        SH:  0    Dex: 12    Spells: 8/8 levels left

rFire    . . .     SeeInvis +   j - +0 fustibalus
rCold    . . .     Gourm    .   (no shield)
rNeg     . . .     Faith    .   p - +2 robe {MR+}
rPois    .         Spirit   .   (helmet unavailable)
rElec    .         Reflect  .   (no cloak)
rCorr    .         Harm     .   (no gloves)
MR       +....                  e - +0 pair of boots
Stlth    ++++......             m - amulet of the acrobat
HPRegen  0.21/turn              h - +3 ring of slaying
MPRegen  0.14/turn              (no ring)

@: no status effects
A: permanent stasis, dig shafts and tunnels, four strong arms, antennae 3
a: Dig, Shaft Self, Recite, Donate Gold, Renounce Religion


You were on level 13 of the Dungeon.
You worshipped Zin.
Zin was aware of your devotion.
You were not hungry.

You visited 2 branches of the dungeon, and saw 11 of its levels.

You collected 111 gold pieces.
You donated 11 gold pieces to Zin.

Inventory:

Hand Weapons
 a - a +0 flail
 j - a +0 fustibalus (weapon)
Missiles
 c - 3 throwing nets
 l - 30 stones (quivered)
Armour
 b - a +0 leather armour
 e - a +0 pair of boots (worn)
 p - a +2 robe of magic resistance (worn)
Jewellery
 h - a +3 ring of slaying (left hand)
 m - an amulet of the acrobat (around neck)
 o - an uncursed amulet of regeneration {unknown}
Scrolls
 d - a scroll of magic mapping {unknown}
 g - a scroll of teleportation {unknown}
 n - 4 scrolls of identify
Potions
 i - a potion of invisibility {unknown}
 k - a potion of agility


   Skills:
 * Level 4.7 Fighting
 - Level 3.0 Maces & Flails
 * Level 7.6(7.8) Slings
 - Level 2.0(4.8) Throwing
 - Level 0.3 Armour
 - Level 2.6 Dodging
 - Level 8.3 Stealth
 - Level 6.9 Invocations


You had 8 spell levels left.
You didn't know any spells.
Your spell library contained the following spells:

 Spells                   Type           Power        Failure   Level  Hunger
 Spider Form              Tmut/Pois      #.........   78%         3    ####...
 Blade Hands              Tmut           #.........   100%        5    ######.
 Ice Form                 Ice/Tmut       #.......     99%         4    #####..
 Sticks to Snakes         Tmut           #.......     54%         2    ###....
 Beastly Appendage        Tmut           #.....       41%         1    ##.....


Dungeon Overview and Level Annotations

Branches:
Dungeon (13/15)            Temple (1/1) D:7             Orc (0/2) D:12
   Lair: D:8-11      Vaults: D:13-14

Altars:
Cheibriados
Dithmenos
Fedhas
Gozag
Nemelex Xobeh
Trog
Vehumet
Zin
The Shining One

Annotations:
D:4 psellion's ghost, amateur MiHu


Innate Abilities, Weirdness & Mutations

You cannot be hasted, slowed, berserked, paralysed or teleported.
You can dig through walls and to a lower floor.
Your four strong arms can wield two-handed weapons with a shield.
You have a pair of large antennae on your head. (SInv)


Message History

* * * LOW HITPOINT WARNING * * *
The wolf spider zombie barely misses you.
Unknown command.
Evoke which item? (* to show all) (? for menu, Esc to quit)
Aiming: Corrosive Bolt
Press: ? - help, Shift-Dir - straight line, f/p - wolf spider zombie
Aim: a wolf spider zombie (heavily damaged, covered in acid)
The bolt of acid hits the wolf spider zombie.
The wolf spider zombie is splashed with acid.
The acid corrodes the wolf spider zombie!
The wolf spider zombie is severely damaged.
The wolf spider zombie misses you.
The wolf spider zombie bites you but does no damage.
Evoke which item? (* to show all) (? for menu, Esc to quit)
Aiming: Corrosive Bolt
Press: ? - help, Shift-Dir - straight line, f/p - wolf spider zombie
Aim: a wolf spider zombie (severely damaged, covered in acid)
The bolt of acid misses the wolf spider zombie.
The now-empty wand crumbles to dust.
The wolf spider zombie hits you!
You die...

######### # #.......#
# ... ##.......##.#
... .....#........'...
... ......Z@......#
.... ...###........#
.....
#........###..... .
#.####........... ..
... #........... #.##.
#........... # ...
#..≈≈≈......
#.##.####..≈≈≈......
.##..........≈≈≈......


You could see a wolf spider zombie.

Vanquished Creatures
  Psyche (D:12)
  3 centaur skeletons (D:13)
  A wraith (D:13)
  A warg (D:12)
  An orc warrior (D:12)
  A necrophage (D:13)
  3 ogres (D:12)
  2 howler monkeys (D:12)
  2 crimson imps
  A bullfrog skeleton (D:11)
  3 orc priests (D:12)
  An orc wizard (D:12)
  A leopard gecko (D:7)
  4 orcs (D:12)
  A giant cockroach (D:4)
  2 goblins (D:12)
  A quokka (D:9)
29 creatures vanquished.

Notes
Turn   | Place    | Note
-------+----------+-------------------------------------------
     0 | D:1      | suvakkihuora the Formicid Gladiator began the quest for the Orb.
     0 | D:1      | Reached XP level 1. HP: 16/16 MP: 1/1
    14 | D:1      | You fall through a shaft!
    17 | D:2      | You fall through a shaft!
    21 | D:3      | Noticed an orc wizard
    26 | D:4      | Noticed psellion's ghost (amateur MiHu)
    27 | D:4      | Noticed a phantom
    30 | D:4      | You fall through a shaft for 3 floors!
    30 | D:7      | Found a staircase to the Ecumenical Temple.
    45 | D:7      | Noticed a hound
    51 | Temple   | Entered the Ecumenical Temple
   127 | Temple   | Became a worshipper of Zin the Law-Giver
   197 | D:7      | Noticed a wight
   213 | D:7      | You fall through a shaft for 3 floors!
   213 | D:10     | Entered Level 10 of the Dungeon
   274 | D:10     | Noticed a centaur
   290 | D:10     | Noticed a crimson imp
   296 | D:10     | Killed a crimson imp
   296 | D:10     | Reached skill level 1 in Slings
   296 | D:10     | Reached skill level 2 in Stealth
   296 | D:10     | Reached XP level 2. HP: 24/24 MP: 2/2
   296 | D:10     | Reached XP level 3. HP: 29/29 MP: 3/3
   399 | D:11     | Reached skill level 3 in Stealth
   399 | D:11     | Reached XP level 4. HP: 25/35 MP: 4/4
   402 | D:11     | Noticed a white ugly thing
   416 | D:11     | Noticed a skeletal warrior
   456 | D:9      | Noticed a troll
   469 | D:10     | You fall through a shaft for 3 floors!
   478 | D:12     | Noticed Psyche
   481 | D:12     | Killed Psyche
   481 | D:12     | Reached skill level 5 in Stealth
   481 | D:12     | Reached XP level 5. HP: 40/41 MP: 4/7
   481 | D:12     | Reached XP level 6. HP: 46/47 MP: 4/8
   481 | D:12     | Reached XP level 7. HP: 51/52 MP: 4/9
   521 | D:13     | Noticed a hornet
   535 | D:13     | Reached skill level 6 in Stealth
   697 | D:13     | Noticed a wraith
   714 | D:13     | Killed a wraith
   714 | D:13     | Reached skill level 5 in Slings
   714 | D:13     | Reached skill level 5 in Invocations
   714 | D:13     | Reached XP level 8. HP: 22/58 MP: 11/11
   847 | D:13     | Noticed a cyclops
   894 | D:13     | Reached skill level 7 in Stealth
   918 | D:13     | Reached XP level 9. HP: 52/63 MP: 13/13
   922 | D:13     | Reached skill level 8 in Stealth
   937 | D:13     | Noticed a centaur warrior
  2448 | D:12     | Found a staircase to the Orcish Mines.
  2468 | D:12     | Reached * piety under Zin
  2585 | D:13     | Slain by a wolf spider zombie

Vault maps used:
D:1:      minmay_arrival_cross, minmay_tetromino_s4
D:2:      regret_index_temple_of_mockery, chequers_ecumenical_altar_simple,
          okawaru_trees_2, uniq_robin
D:3:      lemuel_round_altar, st_stairs_4
D:4:      lightli_corner_chamber
D:7:      ashenzari_altar_1, lemuel_doored_altar, minmay_temple_entry_glass
D:9:      lemuel_round_altar, grunt_lair_entry_orc_guard_hut, serial_shops,
          nicolae_shop_statue_plus
D:10:     nicolae_whirlpool
D:11:     portal_ice_cave_entry_pillars_2, grunt_livestock, library_closet,
          kennysheep_generic_room_16
D:12:     erik_orc_3, dk_noncrumbling_2, uniq_fannar, uniq_psyche
D:13:     lemuel_ice_spiral_2, serial_shops,
          nicolae_shop_temple_entry_statues_fountains, moated_statue,
          serial_park_tiny_pond
Temple:   compressed_dpeg_triangle_lava_temple

Skill      XL: |  1  2  3  4  5  6  7  8  9 |
---------------+----------------------------+-----
Fighting       | 3 4 |  4.7
Slings         | 1 3 5 6 7 |  7.6
Stealth        | 2 3 5 6 7 8 |  8.3
Invocations    | 3 5 6 |  6.9
Maces & Flails | |  3.0
Throwing       | |  2.0
Armour         | |  0.3
Dodging        | |  2.6

Action                   |  1- 3 |  4- 6 |  7- 9 || total
-------------------------+-------+-------+-------++-------
Melee: Flail             |    12 |       |     9 ||    21
 Fire: Fustibalus        |    11 |     1 |    95 ||   107
 Abil: Shaft Self        |     4 |     1 |       ||     5
Evoke: Wand              |       |     1 |     7 ||     8
  Use: Scroll            |     1 |       |     2 ||     3
  Eat: Chunk             |       |       |     3 ||     3
       Ration            |       |       |     1 ||     1
Armor: Leather armour    |     2 |       |       ||     2
       Robe              |       |       |     9 ||     9
Dodge: Dodged            |    13 |       |    44 ||    57

Table legend:
 A = Spawn XP
 B = Non-spawn XP
 C = Spawn XP percentage of total XP
 D = Spawn monster count
 E = Non-spawn monster count
 F = Spawn count percentage of total count
 G = Total turns spent on level
                    A         B        C        D         E        F      G
               +---------+---------+-------+---------+---------+-------+---------
         Total |       0 |    3038 |   0.0 |       0 |      29 |   0.0 |  2585
               +---------+---------+-------+---------+---------+-------+---------
           D:4 |       0 |       2 |   0.0 |       0 |       1 |   0.0 |     6
           D:7 |       0 |       3 |   0.0 |       0 |       1 |   0.0 |    86
           D:9 |       0 |       2 |   0.0 |       0 |       1 |   0.0 |    21
          D:10 |       0 |      50 |   0.0 |       0 |       1 |   0.0 |   140
          D:11 |       0 |      41 |   0.0 |       0 |       1 |   0.0 |    95
          D:12 |       0 |    1367 |   0.0 |       0 |      18 |   0.0 |  1604
          D:13 |       0 |    1573 |   0.0 |       0 |       6 |   0.0 |   512
               +---------+---------+-------+---------+---------+-------+---------
